 Dungeon Crawl Stone Soup version 0.21.0-37-g46506fa (webtiles) character file.

263 doot the Skirmisher (level 5, 0/47 HPs)
             Began as a Draconian Chaos Knight on Jan 30, 2018.
             Slain by a quasit (2 damage)
             ... on level 5 of the Dungeon.
             The game lasted 00:06:40 (3387 turns).

doot the Skirmisher (Draconian Chaos Knight)        Turns: 3387, Time: 00:06:41

Health: 0/47       AC:  5    Str: 18 (20) XL:     5   Next: 98%
Magic:  5/5        EV:  2    Int: 11 (13) God:    Xom [.*....]
Gold:   199        SH:  0    Dex: -8 (10) Spells: 4/4 levels left

rFire    + . .     SeeInvis .   a - +0 spear (chaos)
rCold    . . .     Gourm    .   (no shield)
rNeg     . . .     Faith    .   (armour unavailable)
rPois    .         Spirit   .   (helmet restricted)
rElec    .         Reflect  .   (no cloak)
rCorr    .         Harm     .   (no gloves)
MR       .....                  (no boots)
Stlth    ..........             (no amulet)
HPRegen  0.15/turn              (no ring)
MPRegen  0.09/turn              (no ring)

@: mighty, slowed, lost dexterity, very slow
A: unfitting armour, fire resistance 1, cold-blooded, AC +5
a: Renounce Religion


You were on level 5 of the Dungeon.
You worshipped Xom.
You were a plaything of Xom.
You were not hungry.

You visited 1 branch of the dungeon, and saw 5 of its levels.

You collected 199 gold pieces.

Inventory:

Hand Weapons
 a - a +0 spear of chaos (weapon)
 n - a +0 battleaxe
Magical Staves
 i - an uncursed staff of fire
Wands
 o - a wand of flame (72)
 p - a wand of enslavement (9)
 q - a wand of iceblast (10)
Scrolls
 c - 9 scrolls of identify
 d - a scroll of amnesia {unknown}
 f - a scroll of teleportation
 g - a scroll of remove curse
 j - a scroll of enchant armour {unknown}
 k - a scroll of fear {unknown}
Potions
 h - a potion of degeneration
Comestibles
 b - 6 rations


   Skills:
 + Level 4.5 Fighting
 + Level 3.0(4.0) Axes
 + Level 4.0(4.5) Polearms
 + Level 3.1 Dodging
 + Level 1.1 Stealth


You had 4 spell levels left.
You didn't know any spells.

Dungeon Overview and Level Annotations

Branches:
Dungeon (5/15)
 Temple: D:4-7

Altars:
Ashenzari

Shops:
D:4 [

Annotations:
D:4 Blork the orc; ceb's ghost, novice VSFi


Innate Abilities, Weirdness & Mutations

Your plain brown scales are hard. (AC +5)
You cannot fit into any form of body armour.
You are cold-blooded and may be slowed by cold attacks.
Your flesh is heat resistant. (rF+)


Message History

The quasit bites you but does no damage.
The quasit claws you but does no damage. x2
Okay, then.
You feel better.
The quasit bites you but does no damage.
The quasit claws you.
* * * LOW HITPOINT WARNING * * *
The quasit claws you.
* * * LOW HITPOINT WARNING * * *
The quasit bites you.
* * * LOW HITPOINT WARNING * * *
You feel clumsy.
The quasit claws you but does no damage. x2
As you read the scroll labeled OCILEU GUPOBU, it crumbles to dust.
You feel blessed for a moment.
It was a scroll of remove curse.
The quasit bites you but does no damage.
The quasit claws you.
* * * LOW HITPOINT WARNING * * *
The quasit claws you.
You die...

####.###............
#......'............
########............
##...........
####........
##########........
#...........#.....
#.##.....###......
#@##..............
#5####............
#.# #............
#.# ##............
#.# #..........###
#(# #..).###...# #.#
#...........
#.###..........
#.............


You could see a quasit.

Vanquished Creatures
  Menkaure (D:5)
  Terence (D:2)
  3 adders
  2 worms (D:3)
  3 dart slugs
  6 leopard geckos
  7 bats
  3 giant cockroaches
  4 goblins
  5 hobgoblins
  7 jackals
  6 kobolds
  A quokka (D:4)
  2 ball pythons
  5 frilled lizards
  4 rats
60 creatures vanquished.

Vanquished Creatures (collateral kills)
  Ijyb (D:4)
  A jackal (D:4)
2 creatures vanquished.

Grand Total: 62 creatures vanquished

Notes
Turn   | Place    | Note
-------+----------+-------------------------------------------
     0 | D:1      | doot the Draconian Chaos Knight began the quest for the Orb.
     0 | D:1      | Reached XP level 1. HP: 19/19 MP: 1/1
   142 | D:1      | Reached XP level 2. HP: 25/26 MP: 2/2
   172 | D:1      | XOM: harmless Conj miscast
   281 | D:1      | Found a shattered altar of Ashenzari.
   503 | D:1      | XOM: mild Tloc miscast
   715 | D:2      | Found a faded altar of an unknown god.
   856 | D:2      | Noticed Terence
   868 | D:2      | Killed Terence
   868 | D:2      | Reached XP level 3. HP: 33/33 MP: 3/3
   934 | D:2      | XOM: 3-stop teleportation journey
   967 | D:2      | XOM: enchant monster (good)
   980 | D:2      | Reached XP level 4. HP: 29/40 MP: 4/4
  1182 | D:2      | XOM: god gift: battleaxe {god gift}
  1693 | D:3      | XOM: divination: detect items
  1803 | D:3      | Reached skill level 1 in Stealth
  2040 | D:3      | XOM: snakes to sticks
  2213 | D:3      | XOM: give mutation
  2213 | D:3      | Gained mutation: Your flesh is heat resistant. (rF+) [Xom's grace]
  2479 | D:4      | Found Oshuxucy's Armour Shoppe.
  2583 | D:4      | Noticed Ijyb
  2586 | D:4      | Reached skill level 1 in Axes
  2622 | D:4      | XOM: harmless Necr miscast
  2626 | D:4      | XOM: summons friendly white imp
  2630 | D:4      | Killed Ijyb
  2837 | D:4      | XOM: 2-stop teleportation journey
  2838 | D:4      | Noticed ceb's ghost (novice VSFi)
  2946 | D:4      | Noticed Blork the orc
  2949 | D:4      | XOM: harmless Hex miscast
  2951 | D:5      | Entered Level 5 of the Dungeon
  3109 | D:5      | Reached XP level 5. HP: 35/46 MP: 5/5
  3243 | D:5      | Noticed Menkaure
  3325 | D:5      | XOM: polymorph crimson imp -> quasit
  3326 | D:5      | Killed Menkaure
  3372 | D:5      | Lost dexterity.
  3384 | D:5      | HP: 2/47 [quasit (2)]
  3387 | D:5      | Slain by a quasit

Skill      XL: |  1  2  3  4  5 |
---------------+----------------+-----
Fighting       | 4 |  4.5
Polearms       | 4 |  4.0
Stealth        | 1 |  1.1
Axes           | 1 3 |  3.0
Dodging        | 3 |  3.1

Action                   |  1- 3 |  4- 6 || total
-------------------------+-------+-------++-------
Melee: Spear             |    77 |     3 ||    80
       Tailslap          |     6 |     7 ||    13
       Battleaxe         |       |   156 ||   156
  Use: Scroll            |       |     3 ||     3
       Potion            |       |     7 ||     7
 Stab: Sleeping          |     1 |     2 ||     3
       Paralysed         |     2 |       ||     2
  Eat: Chunk             |       |     6 ||     6
       Ration            |       |     1 ||     1
Armor: Skin              |    13 |   265 ||   278
Dodge: Dodged            |    18 |   202 ||   220
